[Event "22nd Alekhine FIDE 2018"]
[Site "Voronezh"]
[Date "2018.06.14"]
[Round "3"]
[White "Lilov, Aleksandr"]
[Black "Kolyuzhnov, Vladislav"]
[Result "1-0"]
[ECO "A00"]
[WhiteElo "2046"]
[BlackElo "1986"]
[Annotator "NA"]
[PlyCount "91"]
[EventDate "2018.??.??"]
[EventType "swiss"]
[EventCountry "RUS"]
[SourceTitle "playchess.com"]
[Source "ChessBase"]
[SourceQuality "1"]
[TimeControl "5400+30"]

1. g3 e5 2. c4 Nf6 3. Bg2 Be7 4. Nc3 O-O 5. Nf3 Nc6 6. d3 d6 7. O-O Ne8 {[%emt 0:04:55] A29: English Opening: Four Knights Variation with 4 g3} (7... h6 8. Rb1 Be6 9. b4 Qd7 10. b5 Na5 11. c5 a6 12. cxd6 Bxd6 13. d4 exd4 14. Qxd4 axb5 15. Rxb5 Be7 16. Bf4 {0-1 (25) Ekdyshman,M (2362)-Vajda,L (2554) Zalakaros 2015}) 8. Ne1 f5 9. f4 g5 $146 ({Predecessor:} 9... Nf6 10. Nc2 Be6 11. Ne3 Qd7 12. Ned5 Nd8 13. b3 c6 14. Nxe7+ Qxe7 15. Ba3 exf4 16. Rxf4 {0-1 (28) Zobel,L-Gerzenyi,K Stary Smokovec 1955}) 10. e3 gxf4 11. exf4 Nf6 12. Nd5 Nd4 13. Nc2 Nxd5 14. Bxd5+ Ne6 15. Qe2 c6 16. Bxe6+ $1 Bxe6 17. fxe5 d5 18. Bh6 Rf7 19. Rad1 d4 (19... Qb6+ $16 20. Ne3 Qd4) 20. Ne1 b5 21. b3 bxc4 22. bxc4 Rb8 (22... f4 $142 23. Rxf4 (23. gxf4 Qd7 $18) (23. Bxf4 Rb8 $18) 23... Rxf4) 23. Ng2 c5 24. Rb1 Rb6 25. Qc2 Bc8 26. Bd2 Qd7 27. Nf4 Rg7 28. Rxb6 axb6 29. Rb1 Bd8 30. Nd5 Qe6 (30... Rg6 $16 31. Qb3 Qg7) 31. Bf4 Bb7 32. Qb3 Rg6 33. a4 h5 34. Kf2 h4 35. a5 hxg3+ 36. hxg3 Qf7 37. axb6 Qh7 38. Rg1 (38. Qb5 $16 Qh2+ 39. Kf1 Qh3+ 40. Ke2) 38... Qh2+ (38... Bxd5 $1 $11 {bleibt in der Remisbreite.} 39. cxd5 Rxb6) 39. Rg2 Qh1 40. Qb5 (40. Qb2 $16) 40... Bc6 $2 (40... Rxb6 $11 41. Qe8+ Kg7 42. Bh6+ (42. Qd7+ Kg6 $14) 42... Qxh6 43. Qd7+ Kh8 44. Qxd8+ Kg7 45. Qxb6 Qd2+ 46. Kg1 Qd1+ $11 47. Kh2 Qh5+ 48. Kg1 Qd1+ 49. Kf2 Qd2+ 50. Kg1 Qd1+) 41. b7 Bxb5 42. b8=Q Qd1 43. Qxd8+ Kg7 44. Qe7+ Kg8 45. Nf6+ Rxf6 46. exf6 1-0

[Event "22nd Alekhine FIDE 2018"]
[Site "Voronezh"]
[Date "2018.06.14"]
[Round "3"]
[White "Kutyanina, Mariya"]
[Black "Kolomensky, Vladimir"]
[Result "0-1"]
[ECO "E42"]
[WhiteElo "2021"]
[BlackElo "2120"]
[Annotator "NA"]
[PlyCount "117"]
[EventDate "2018.??.??"]
[EventType "swiss"]
[EventCountry "RUS"]
[SourceTitle "playchess.com"]
[Source "ChessBase"]
[SourceQuality "1"]
[TimeControl "5400+30"]

1. d4 Nf6 2. c4 e6 3. Nc3 Bb4 4. e3 c5 5. Nge2 b6 6. a3 Ba5 7. Rb1 Na6 8. Bd2 O-O 9. Nf4 {[%emt 0:02:10] E42: Nimzo-Indian: Rubinstein: 4...c5 5 Ne2} cxd4 10. exd4 Bxc3 11. Bxc3 d5 {[%emt 0:02:10] LiveBook: 7 Games} 12. Nh5 dxc4 $146 ({Predecessor:} 12... Bb7 13. cxd5 Nxd5 14. Qg4 g6 15. Bd2 f5 16. Qg3 f4 17. Nxf4 Nxf4 18. Bxf4 Qxd4 {½-½ (57) Sokolov,I (2610)-Gabriel,C (2581) Bad Godesberg 1999}) 13. Bxc4 Nc7 14. O-O Bb7 15. Nf4 Qd6 16. Qc1 Rfd8 17. f3 Rac8 18. Nd3 (18. Re1 $15) 18... Ncd5 $17 19. Ne5 (19. Bxd5 $17 Nxd5 20. Qd2) 19... Rc7 $19 20. Qe1 (20. a4 $142) 20... Nxc3 21. bxc3 Rdc8 22. Qe2 Nd5 ({But not} 22... Qxa3 23. Rfc1 $17) 23. Bxd5 Qxd5 ({Not} 23... exd5 24. Rfc1 $17) 24. Rfd1 Rxc3 25. h4 (25. Ra1 $142) 25... Rc2 ({Much less strong is} 25... Rxa3 26. Qd2 $19) 26. Qe3 Qd6 (26... Qa2 $142 27. Qf4 f6) 27. Rd2 (27. h5 {is a better defense.}) 27... R2c3 28. Rd3 Qxa3 29. Rxc3 Qxc3 30. Qxc3 Rxc3 {[%emt 0:00:02] Endgame KRB-KRN} 31. Ra1 a6 32. Nd7 b5 33. Nc5 Bd5 34. Nxa6 g6 (34... Rc4 $142 {aiming for ...Ra4.} 35. Rb1 Bb7) 35. Rb1 Rb3 36. Rxb3 Bxb3 $17 {[%emt 0:00:01] KB-KN} 37. Kf2 Kf8 38. Ke3 Ke7 39. Kd3 Kd6 40. Kc3 (40. Nb4 $142) 40... Bc4 $19 41. Nc5 Bf1 42. g3 Be2 (42... Bg2 $19 43. f4 Kd5) 43. Ne4+ $17 Kd5 ({Better is} 43... Ke7 $17 44. f4 f5) 44. Nf6+ $11 Kd6 45. Nxh7 e5 46. Ng5 f6 47. Ne4+ Ke6 48. dxe5 Kxe5 49. Nd2 f5 50. Kb4 Kd4 {[%emt 0:00:08] [#] Strongly threatening ...Ke3.} 51. g4 $1 Bxf3 $2 (51... Ke3 $11 52. h5 gxh5 53. gxh5 f4) 52. Nxf3+ $18 Ke3 53. gxf5 gxf5 54. h5 Kxf3 {[%emt 0:00:01] KPP-KP. White mates.} 55. h6 f4 56. h7 Kg2 57. h8=Q f3 58. Qg7+ Kf1 59. Kc3 {[%emt 0:01:03] Precision: White = 53%, Black = 62%.} 0-1

[Event "22nd Alekhine FIDE 2018"]
[Site "Voronezh"]
[Date "2018.06.14"]
[Round "3"]
[White "Lepaev, Andrey"]
[Black "Bitkinin, Lenar"]
[Result "1-0"]
[ECO "A80"]
[WhiteElo "1992"]
[BlackElo "2055"]
[Annotator "NA"]
[PlyCount "89"]
[EventDate "2018.??.??"]
[EventType "swiss"]
[EventCountry "RUS"]
[SourceTitle "playchess.com"]
[Source "ChessBase"]
[SourceQuality "1"]
[TimeControl "5400+30"]

1. d4 f5 2. Nf3 Nf6 3. g3 g6 4. Bg2 Bg7 5. O-O O-O 6. b3 d6 7. Bb2 Qe8 8. c4 Na6 9. Qc2 c5 {[%emt 0:03:24] A87: Holländische Verteidigung (Leningrader Variante)} 10. d5 (10. Nc3 Bd7 11. Rad1 cxd4 12. Nxd4 Nc5 13. Ndb5 Qf7 14. Nd5 Bc6 15. Bxf6 Bxf6 16. e4 fxe4 17. Bxe4 Nxe4 18. Qxe4 {½-½ (32) Pezzica,G (2547)-Wunderlich,H (2638) ICCF email 2012}) 10... b5 11. a3 Rb8 12. Nbd2 $146 ({Vorgänger:} 12. Ra2 Nc7 13. Nbd2 bxc4 14. bxc4 Bd7 15. Rb1 Ba4 16. Qc1 Na8 17. Ng5 {0-1 (48) Mariano,E (2156)-Schacher,G (2340) Arvier 2012}) 12... bxc4 13. Nxc4 Nc7 14. Rad1 (14. b4 $1 $11 {keeps the balance.}) 14... Qb5 (14... Nfxd5 $17 15. Bxg7 Kxg7) 15. Bxf6 Bxf6 16. Nfd2 a5 17. e4 fxe4 18. a4 Qb4 19. Nxe4 Bd4 ({Of course not} 19... Qxb3 $6 20. Qxb3 Rxb3 21. Nxf6+ Rxf6 22. Nxa5 $11) 20. Qd2 Bg4 21. Rde1 Qxd2 22. Nexd2 Rf7 23. Nxa5 Bc3 24. Nac4 Bd4 25. Na5 Rbf8 26. Ne4 $1 Bf3 (26... Bd7 $1 $11 {hält das Gleichgewicht.}) 27. Nc6 Nxd5 28. Nxd4 cxd4 29. Ng5 Bxg2 30. Kxg2 Rf6 31. Ne6 Rb8 32. Nxd4 Rb4 33. Nc6 Rb7 34. b4 e5 35. b5 Nc3 36. Ra1 e4 37. Ra3 Nd5 38. Rd1 Rf5 39. a5 e3 40. fxe3 Rbf7 41. Rd2 Nc7 42. b6 Na6 43. Rad3 Nc5 44. Rd5 Rf3 {[%emt 0:00:33] [#]} 45. Rxc5 $18 1-0

[Event "22nd Alekhine FIDE 2018"]
[Site "Voronezh"]
[Date "2018.06.14"]
[Round "3"]
[White "Artemov, Nikita"]
[Black "Selensky, Andrey"]
[Result "1-0"]
[ECO "B30"]
[WhiteElo "1970"]
[BlackElo "2040"]
[Annotator "NA RC"]
[PlyCount "111"]
[EventDate "2018.??.??"]
[EventType "swiss"]
[EventCountry "RUS"]
[SourceTitle "playchess.com"]
[Source "ChessBase"]
[SourceQuality "1"]
[TimeControl "5400+30"]

1. e4 c5 2. Nf3 Nc6 3. Bb5 Nd4 4. Nxd4 cxd4 5. c3 e5 {[%emt 0:02:44] B30: Sizilianisch (Rossolimo-Variante)} (5... a6 6. Bd3 e5 7. cxd4 exd4 8. O-O Ne7 9. Bc4 Nc6 10. d3 Be7 11. f4 d6 12. Nd2 O-O 13. Nf3 {1-0 (32) Blomqvist,E (2567)-Ehlvest,J (2532) London 2016}) 6. cxd4 Qb6 $146 ({Vorgänger:} 6... exd4 7. O-O a6 8. Bc4 Bc5 9. Bxf7+ Kxf7 10. Qh5+ g6 11. Qxc5 Ne7 12. Qxd4 d5 13. d3 {1-0 (23) Alavkin,A (2429)-Tumakov,D (2312) Kazan 2008}) 7. Nc3 Nf6 8. dxe5 Nxe4 9. Qe2 Nxc3 10. bxc3 Be7 11. d4 O-O 12. O-O d5 13. exd6 Bxd6 14. Bd2 Be6 15. a4 a6 16. Bd3 Rfe8 17. Rfb1 Qd8 18. Qh5 g6 19. Qg5 Qc7 20. h3 Be7 ({Black should play} 20... Qc6) 21. Qf4 Bd6 22. Qf3 Rab8 23. a5 f5 {[%emt 0:07:09] [#]} (23... Bc4 $142 24. Rb2 Bh2+ 25. Kh1 Bxd3 26. Qxd3 Bf4 27. Bxf4 Qxf4) 24. c4 $1 Qf7 25. d5 Bd7 26. Bf4 Be5 27. Bxe5 Rxe5 28. c5 Rxd5 29. Bc4 Bc6 30. Bxd5 Bxd5 31. Qf4 Rc8 32. Qd6 Bc6 33. Re1 $18 Qd5 34. Qxd5+ Bxd5 35. Rad1 Bc6 36. Re7 Rf8 37. f4 Rc8 38. Rd6 Be4 39. Rdd7 h6 40. Rg7+ Kf8 41. Rh7 Kg8 42. Rdg7+ Kf8 43. Rh8+ Kxg7 44. Rxc8 g5 45. g3 gxf4 46. gxf4 h5 47. Kf2 h4 48. Rd8 Bc6 49. Rd1 Kf6 50. Ke3 Bg2 51. Kd4 Bxh3 52. Rh1 Bg2 53. Rxh4 Ke6 54. Rh6+ Kd7 55. Ke5 Be4 56. Rf6 1-0

[Event "22nd Alekhine FIDE 2018"]
[Site "Voronezh"]
[Date "2018.06.14"]
[Round "3"]
[White "Kuzmin, Roman"]
[Black "Martyntsev, Roman"]
[Result "0-1"]
[ECO "B33"]
[WhiteElo "1963"]
[BlackElo "2035"]
[Annotator "NA RC"]
[PlyCount "64"]
[EventDate "2018.??.??"]
[EventType "swiss"]
[EventCountry "RUS"]
[SourceTitle "playchess.com"]
[Source "ChessBase"]
[SourceQuality "1"]
[TimeControl "5400+30"]

1. e4 c5 2. Nf3 Nc6 3. d4 cxd4 4. Nxd4 Nf6 5. Nc3 e5 6. Ndb5 d6 7. Bg5 a6 8. Na3 b5 9. Bxf6 gxf6 10. Nd5 f5 11. g3 fxe4 12. Bg2 Bg7 13. Bxe4 O-O {[%emt 0:03:43] B33: Sicilian: Pelikan and Sveshnikov Variations} (13... Be6 14. Qh5 Rc8 15. Rd1 Ne7 16. Nxe7 Qxe7 17. O-O h6 18. c3 O-O 19. Nc2 f5 20. Bd5 Rc5 21. Ne3 Bxd5 22. Nxd5 Qe6 {½-½ (31) Motylev,A (2649)-Grachev,B (2649) Baku 2015}) 14. Ne3 Qc7 15. Qh5 h6 16. c3 Rb8 17. Nac2 Ne7 18. Nb4 $146 ({Predecessor:} 18. Nd5 Nxd5 19. Bxd5 {0-1 (48) Kalmar,M (1855)-Rakhely,M (1542) Balatonlelle 2009}) 18... f5 19. Ned5 Nxd5 $1 20. Bxd5+ Kh8 21. O-O-O {[%emt 0:01:22] [#]} (21. Bg2 $11 {remains equal.}) 21... Rb6 (21... a5 $1 $17 22. Nc6 Rb6 23. Nxa5 b4) 22. Bg2 (22. Bb3 $5 ) 22... Qc5 23. Nd5 Rb8 (23... Rb7 $11) 24. Ne7 Be6 {[%emt 0:09:33] [#]} 25. Ng6+ ({White has to play} 25. Bd5 $1 $16 Rf6 26. Bxe6 Rxe6 27. Nxf5) 25... Kg8 $2 (25... Kh7 $11 26. Ne7 (26. Nxf8+ Rxf8 27. Qh4 Bxa2 $11) 26... Rf6) 26. Nxf8 Kxf8 27. Bh3 $2 (27. Qg6 $18 Re8 28. Rd2) 27... e4 $1 28. Qe2 $2 (28. Qg6 $11 {und Weiss muss sich keine Sorgen machen.} Re8 29. Rhe1) 28... b4 29. Qxa6 Ke7 $19 30. Rd2 bxc3 31. Rc2 Bc4 32. Qa3 cxb2+ 0-1

[Event "22nd Alekhine FIDE 2018"]
[Site "Voronezh"]
[Date "2018.06.14"]
[Round "3"]
[White "Efendiev, Enver"]
[Black "Kitaev, Roman"]
[Result "1-0"]
[ECO "B27"]
[WhiteElo "1948"]
[BlackElo "2031"]
[Annotator "NA RC"]
[PlyCount "106"]
[EventDate "2018.??.??"]
[EventType "swiss"]
[EventCountry "RUS"]
[SourceTitle "playchess.com"]
[Source "ChessBase"]
[SourceQuality "1"]
[TimeControl "5400+30"]

1. e4 c5 2. Nf3 b6 3. d4 cxd4 4. Nxd4 Bb7 5. Nc3 e6 {[%emt 0:00:44] B27: Sicilian: 2 Nf3, unusual Black 2nd moves} (5... a6 6. g3 e6 7. Bg2 Nf6 8. O-O Qc7 9. Re1 d6 10. Nd5 Nxd5 11. exd5 e5 12. f4 Nd7 13. fxe5 Nxe5 {0-1 (59) Safarli,E (2639)-Ponkratov,P (2613) Riadh 2017}) 6. e5 d5 $146 ({Predecessor:} 6... f6 7. Bd3 fxe5 8. Qh5+ g6 9. Qxe5 Nf6 10. Bg5 Be7 11. Be4 {1-0 (42) Trey,B (1390)-Muheim,X (1380) St Chely d'Aubrac 2009}) 7. exd6 Qxd6 8. Ncb5 Qd8 9. Bf4 Na6 10. c3 Be7 11. Qa4 Kf8 12. Bc4 Nc5 ({Better is} 12... Nf6 $14) 13. Qc2 Nf6 14. Nc7 ({Better is} 14. O-O $16) 14... Rc8 15. Ncxe6+ ({White should play} 15. O-O-O $14 Rxc7 {[#]} 16. Nxe6+ $1 fxe6 17. Rxd8+ Bxd8 18. Bxc7 Bxc7 19. f3) 15... fxe6 16. b4 Bd5 17. Bxd5 Qxd5 ({Minderwertig wäre} 17... exd5 18. bxc5 Qe8 19. O-O $16) 18. bxc5 Bxc5 19. Nf3 {[%emt 0:04:51] [#]} (19. O-O-O $1 $15) 19... Qc4 $1 20. Be5 Ne4 21. Qe2 Bxf2+ 22. Kf1 Qxe2+ 23. Kxe2 Bc5 24. a4 Ke7 25. g3 Rhg8 26. Rhf1 Bd6 27. Kd3 Bxe5 28. Nxe5 Nd6 29. a5 (29. Kc2 $17) 29... b5 30. a6 (30. Kc2 $17) 30... Rc5 31. Rfe1 Rgc8 32. Rac1 Rd5+ 33. Kc2 Nc4 34. Nf3 $2 (34. Nxc4 $17 Rxc4 35. Kb3) 34... Rf8 35. Nd4 Rf2+ 36. Kb1 Rd6 37. Re2 Rxe2 $19 38. Nxe2 Rxa6 39. Nd4 Rb6 40. Kc2 g6 41. Kb3 Nd6 42. Kb4 Nb7 43. Re1 a5+ 44. Ka3 Nc5 45. g4 b4+ 46. cxb4 axb4+ 47. Ka2 b3+ 48. Kb1 Rd6 49. Nb5 Rd2 50. h4 Nd3 51. Rf1 Rb2+ 52. Ka1 Rc2 53. Rb1 Ra2# 1-0

[Event "22nd Alekhine FIDE 2018"]
[Site "Voronezh"]
[Date "2018.06.15"]
[Round "4"]
[White "Lukovnikov, Alexander"]
[Black "Nesterov, Andrey"]
[Result "1-0"]
[ECO "B71"]
[WhiteElo "2153"]
[BlackElo "2010"]
[Annotator "NA"]
[PlyCount "65"]
[EventDate "2018.??.??"]
[EventType "swiss"]
[EventCountry "RUS"]
[SourceTitle "playchess.com"]
[Source "ChessBase"]
[SourceQuality "1"]
[TimeControl "5400+30"]

1. e4 c5 2. Nf3 d6 3. d4 cxd4 4. Nxd4 Nf6 5. Nc3 g6 6. f4 Nc6 7. Nxc6 bxc6 8. e5 Nd7 9. exd6 exd6 {[%emt 0:00:10] LiveBook: 78 Games} 10. Be3 Be7 11. Bd3 O-O {[%emt 0:01:10] B71: Sicilian Dragon: 6 f4} 12. O-O d5 13. f5 Bg5 $146 ({Predecessor:} 13... Bc5 14. Bxc5 Nxc5 15. fxg6 hxg6 16. Kh1 Qg5 17. Rf3 Rb8 18. Rg3 Qf6 19. Qd2 Nxd3 20. cxd3 {0-1 (42) Apostu,T (2138)-Cirkvencic,F (2209) Brussels 2008}) 14. Bxg5 Qxg5 15. Qe2 Nc5 16. f6 Nxd3 17. Qxd3 Bf5 18. Qd4 Rfe8 19. Rae1 Bxc2 20. h4 Qg3 21. Re7 (21. Ne2 $1 $11 Qd6 22. Qd2) 21... Bf5 (21... Rxe7 $17 22. fxe7 Re8) 22. Rf3 Qd6 23. Rfe3 Be6 $2 {[%emt 0:03:24] [#]} (23... Rxe7 $15 {stays ahead.} 24. Rxe7 a5) 24. R3xe6 $1 Qxe6 25. Rxe6 Rxe6 26. b4 a6 $18 27. Qf4 h5 28. Ne2 Kh7 29. Ng3 Rd8 30. Nf5 gxf5 31. Qg5 Rxf6 32. Qxf6 Rf8 33. Qxc6 1-0

[Event "22nd Alekhine FIDE 2018"]
[Site "Voronezh"]
[Date "2018.06.15"]
[Round "4"]
[White "Popelyshev, Igor V"]
[Black "Pingin, Artem"]
[Result "0-1"]
[ECO "B20"]
[WhiteElo "2095"]
[BlackElo "1967"]
[Annotator "NA"]
[PlyCount "71"]
[EventDate "2018.??.??"]
[EventType "swiss"]
[EventCountry "RUS"]
[SourceTitle "playchess.com"]
[Source "ChessBase"]
[SourceQuality "1"]
[TimeControl "5400+30"]

1. e4 c5 2. Na3 e6 3. f4 Nf6 4. d3 Nc6 5. Nf3 Be7 6. g3 d5 7. e5 Nd7 8. c4 Nb6 9. Bg2 O-O 10. O-O f6 11. Qe2 fxe5 12. fxe5 Bd7 13. Nc2 Be8 14. Bh3 Bf7 ({Black should try} 14... Qd7 $15) 15. Be3 h6 16. Rf2 Qc7 17. Bd2 Rae8 18. b3 Bd8 19. Raf1 dxc4 20. dxc4 Bg6 21. Bf4 Nd7 22. Re1 Bh7 23. Bg4 g5 24. Bh5 gxf4 25. gxf4 Re7 26. Rg2+ Kh8 27. Ne3 (27. Rf1 $142) 27... Nd4 28. Nxd4 cxd4 29. Ng4 Nc5 30. Nxh6 Rg7 31. f5 Rxg2+ 32. Qxg2 Qg7 33. Nf7+ Rxf7 34. Bxf7 Qxf7 35. fxe6 Qg7 36. Rf1 $19 0-1

[Event "22nd Alekhine FIDE 2018"]
[Site "Voronezh"]
[Date "2018.06.15"]
[Round "4"]
[White "Ioffe, Evgeny"]
[Black "Kulpin, Dmitriy"]
[Result "1/2-1/2"]
[ECO "B22"]
[WhiteElo "2079"]
[BlackElo "1954"]
[Annotator "NA"]
[PlyCount "136"]
[EventDate "2018.??.??"]
[EventType "swiss"]
[EventCountry "RUS"]
[SourceTitle "playchess.com"]
[Source "ChessBase"]
[SourceQuality "1"]
[TimeControl "5400+30"]

1. e4 c5 2. c3 Nf6 3. e5 Nd5 4. d4 cxd4 5. cxd4 e6 6. Nf3 d6 7. a3 Bd7 8. Bd3 Bc6 {[%emt 0:00:36] LiveBook: 377 Games B22: Sizilianisch (Alapin 2.c3)} 9. O-O Be7 (9... Nd7 10. Qe2 Be7 11. exd6 Bxd6 12. Nc3 O-O 13. Ne4 Bf4 14. Be3 N7f6 15. Neg5 h6 16. Nh3 Qd6 17. Qd2 Nh5 18. Rae1 Qc7 {½-½ (74) Harikrishna,P (2744)-Artemiev,V (2691) Huaian 2017}) 10. Nc3 Nd7 11. exd6 $146 ({Vorgänger:} 11. Re1 O-O 12. Ne4 dxe5 13. dxe5 Qc7 14. Nd6 h6 15. Nc4 {½-½ (31) Fortunato,A (1699)-Oliveira,M (1954) Coimbra 2014}) 11... Bxd6 12. Ne4 Be7 13. Bg5 O-O 14. Re1 Rc8 15. Qd2 Bxg5 16. Nexg5 h6 17. Ne4 Qc7 18. Rac1 Qf4 19. Qe2 Rfd8 20. h3 N5f6 21. g3 Qb8 22. Nc3 Qd6 23. Red1 Nd5 24. Ne4 Qb8 25. Nc5 Nxc5 26. dxc5 Nf6 27. Ne5 Bd5 28. b4 Bb3 29. Re1 Bd5 30. Qe3 Qc7 31. Nc4 Bxc4 32. Bxc4 a5 33. Bf1 Nd5 34. Qb3 axb4 35. axb4 Qe7 36. Bg2 Rc7 37. Rcd1 Qd7 38. Re5 Qb5 39. Bf1 Qc6 40. Bg2 Rcd7 41. Kh2 b6 42. Rc1 bxc5 43. Rxc5 Qb6 44. Re4 Rb8 45. Rec4 g6 46. b5 Rc7 47. Qc2 Rxc5 48. Rxc5 Kh7 49. Bxd5 exd5 50. Rxd5 Rc8 51. Qd2 Rc5 52. Rxc5 Qxc5 53. Qb2 Qb6 54. Kg1 h5 55. h4 Kg8 56. Qb4 Kg7 57. Qc4 Kf8 58. Qd5 Ke7 59. Kg2 Ke8 60. Qc6+ Qxc6+ 61. bxc6 Ke7 62. Kf3 Kd6 {[%emt 0:00:11] [#]} 63. Kf4 $2 (63. Ke4 $1 {setzt Matt} Kxc6 64. Ke5 Kd7 65. Kf6 Ke8 66. f4 Kf8 67. f5 gxf5 68. Kxf5) 63... f6 $1 64. f3 Kxc6 65. g4 hxg4 66. fxg4 Kd6 67. h5 gxh5 68. g5 $11 {[#]} f5 $1 1/2-1/2

[Event "22nd Alekhine FIDE 2018"]
[Site "Voronezh"]
[Date "2018.06.15"]
[Round "4"]
[White "Bobkov, Vadim"]
[Black "Kutyanina, Mariya"]
[Result "1-0"]
[ECO "D35"]
[WhiteElo "2058"]
[BlackElo "2021"]
[Annotator "NA RC"]
[PlyCount "59"]
[EventDate "2018.??.??"]
[EventType "swiss"]
[EventCountry "RUS"]
[SourceTitle "playchess.com"]
[Source "ChessBase"]
[SourceQuality "1"]
[TimeControl "5400+30"]

1. d4 d5 2. c4 e6 3. Nc3 Nf6 4. cxd5 exd5 5. Bg5 Be7 6. e3 h6 7. Bh4 c6 8. Bd3 Nbd7 9. Nge2 O-O 10. Qc2 Re8 11. f3 {[%emt 0:02:46] LiveBook: 73 Games} Qb6 {[%emt 0:10:23] D36: Queen's Gambit Declined: Exchange Variation: Main line (5 Bg5 c6 6 Qc2)} (11... c5 12. O-O a6 13. Rad1 c4 14. Bf5 b5 15. a3 Nb6 16. Bxc8 Rxc8 17. e4 dxe4 18. Bxf6 Bxf6 19. fxe4 Be7 20. e5 {½-½ (33) Bulski,K (2533)-Bokros,A (2482) Slovakia 2016}) 12. O-O Ng4 (12... Nf8 $11) 13. Bh7+ ({Bitte nicht} 13. fxg4 Bxh4 14. Qd2 (14. Bh7+ Kf8 $17) 14... Nf6 $15) 13... Kh8 14. fxg4 Bxh4 15. Rxf7 Nf8 $146 16. Nf4 $1 Bf6 (16... Nxh7 $16 {was necessary.} 17. Ng6+ Kg8 18. Nxh4 Be6) 17. g5 (17. Rxf6 $18 gxf6 18. Ng6+ Kg7 19. Nxf8) 17... Bxg5 $2 (17... hxg5 $14 18. Ng6+ (18. Na4 Qd8 $11) 18... Nxg6 19. Bxg6 Qd8) 18. Rxf8+ Rxf8 19. Ng6+ Kxh7 20. Nxf8+ Kg8 21. Rf1 Bf6 22. Nh7 Be7 23. Qg6 c5 24. Nf6+ Bxf6 25. Nxd5 Qe6 26. Rxf6 Qxd5 27. Qe8+ Kh7 28. Rf8 g5 29. Rh8+ Kg7 30. Qf8+ 1-0

[Event "22nd Alekhine FIDE 2018"]
[Site "Voronezh"]
[Date "2018.06.15"]
[Round "4"]
[White "Martyntsev, Roman"]
[Black "Artemov, Nikita"]
[Result "0-1"]
[ECO "B60"]
[WhiteElo "2035"]
[BlackElo "1970"]
[Annotator "NA RC"]
[PlyCount "44"]
[EventDate "2018.??.??"]
[EventType "swiss"]
[EventCountry "RUS"]
[SourceTitle "playchess.com"]
[Source "ChessBase"]
[SourceQuality "1"]
[TimeControl "5400+30"]

1. e4 c5 2. Nf3 d6 3. d4 cxd4 4. Nxd4 Nf6 5. Nc3 Nc6 6. Bg5 Bd7 7. f4 Qb6 {[%emt 0:05:27] B60: Sicilian: Richter-Rauzer: Unusual Black 6th moves and 6...Bd7 without 7 Qd2} 8. Nb3 (8. Bxf6 $5 gxf6 9. Nb3 $11) 8... Ng4 {[%emt 0:05:08] LiveBook: 7 Games} 9. Qe2 h6 $146 ({Predecessor:} 9... Nd4 $1 $11 10. Qd2 Nxb3 11. axb3 Qe3+ 12. Qxe3 Nxe3 13. Kd2 Nxf1+ 14. Rhxf1 h6 15. Bh4 {½-½ (54) Handke,F (2522)-Tomic,B (2453) Germany 2016}) 10. Nd5 Qd8 11. Bh4 g5 12. h3 Bg7 13. hxg4 ({Of course not} 13. fxg5 $6 hxg5 14. Bxg5 Bxb2 $11) 13... gxh4 14. O-O-O a5 15. e5 a4 16. Nf6+ Bxf6 17. Nd2 dxe5 18. Ne4 Qb6 19. Nxf6+ exf6 20. Rxh4 a3 21. b3 O-O-O $19 22. Qe4 Qb4 0-1

[Event "22nd Alekhine FIDE 2018"]
[Site "Voronezh"]
[Date "2018.06.15"]
[Round "4"]
[White "Bruyatskaya, Mariya"]
[Black "Markevich, Arseniy"]
[Result "1-0"]
[ECO "B29"]
[WhiteElo "2026"]
[BlackElo "2076"]
[Annotator "NA RC"]
[PlyCount "105"]
[EventDate "2018.??.??"]
[EventType "swiss"]
[EventCountry "RUS"]
[SourceTitle "playchess.com"]
[Source "ChessBase"]
[SourceQuality "1"]
[TimeControl "5400+30"]

1. e4 c5 2. Nf3 Nf6 3. e5 Nd5 4. Nc3 e6 5. Nxd5 exd5 6. d4 Nc6 7. dxc5 Bxc5 8. Bd3 {[%emt 0:00:34] LiveBook: 50 Games B29: Sicilian: 2 Nf3 Nf6 (Nimzowitsch Variation)} Qe7 (8... d6 9. exd6 Qxd6 10. O-O O-O 11. Re1 h6 12. h3 Bd7 13. Be3 d4 14. Bd2 Rfe8 15. a3 Qd5 16. b4 Bd6 17. c4 dxc3 18. Rxe8+ Rxe8 19. Bxc3 {½-½ (29) So,W (2792)-Mamedyarov,S (2804) Wijk aan Zee 2018}) 9. O-O h6 $146 ({Predecessor:} 9... Nxe5 10. Nxe5 {1-0 (10) Tomescu,V (2425)-Burani,E (2050) Cesenatico 2003}) 10. c3 d6 11. exd6 Bxd6 12. Re1 Be6 13. Bc2 O-O-O 14. Be3 Bb8 15. Nd4 Nxd4 ({Günstiger ist} 15... h5) 16. Qxd4 ({Don't take} 16. cxd4 $6 Qf6 $14) 16... Qd6 17. Qc5+ (17. g3 $142) 17... Qxc5 18. Bxc5 Rhe8 19. Bd4 g6 20. Bg7 Bd7 21. Bb3 Rxe1+ 22. Rxe1 Be6 23. h4 h5 24. Bf6 Rd6 25. Be5 Rc6 26. Bxb8 Kxb8 27. Rd1 Rd6 28. Kh2 Kc7 29. Kg3 Kc6 30. Rd4 a5 31. f3 Kc5 32. Kf4 f6 33. g4 Rd8 34. Bc2 hxg4 35. fxg4 Bf7 36. Rd2 b5 37. b3 d4 38. cxd4+ Rxd4+ (38... Kd6 $142 39. Bd3 Rh8) 39. Rxd4 Kxd4 40. g5 Kc3 {[%emt 0:00:24] [#]} 41. Bxg6 $1 Bxg6 42. gxf6 a4 43. Kg5 (43. bxa4 $142 bxa4 44. Kg5) 43... Bf7 44. h5 axb3 45. axb3 Bxb3 46. h6 Bg8 {[%emt 0:00:11] [#]} 47. f7 $1 Bxf7 48. h7 b4 49. h8=Q+ Kb3 50. Qd4 Bg8 51. Kf4 Ka3 52. Qa7+ Kb3 53. Ke3 1-0

[Event "22nd Alekhine FIDE 2018"]
[Site "Voronezh"]
[Date "2018.06.15"]
[Round "4"]
[White "Lepaev, Andrey"]
[Black "Lilov, Aleksandr"]
[Result "1/2-1/2"]
[ECO "A43"]
[WhiteElo "1992"]
[BlackElo "2046"]
[Annotator "NA"]
[PlyCount "59"]
[EventDate "2018.??.??"]
[EventType "swiss"]
[EventCountry "RUS"]
[SourceTitle "playchess.com"]
[Source "ChessBase"]
[SourceQuality "1"]
[TimeControl "5400+30"]

1. d4 c5 2. d5 g6 3. e4 Bg7 4. Nc3 d6 5. Bb5+ Bd7 {[%emt 0:01:18] A43: Schmid Benoni} (5... Nd7 6. a4 Ngf6 7. Nf3 O-O 8. O-O Ne8 9. Re1 Nc7 10. Bf1 a6 11. Bf4 Rb8 12. e5 dxe5 13. Nxe5 Nxe5 14. Bxe5 Bxe5 15. Rxe5 b5 16. axb5 axb5 17. Qe1 b4 18. Na4 {0-1 (40) Alonso Rosell,A (2540)-Bachmann,A (2610) Barcelona 2016}) 6. a4 Na6 7. Nf3 Nc7 8. Bxd7+ Qxd7 {[%emt 0:00:16] LiveBook: 5 Games} 9. h3 $146 ({Predecessor:} 9. O-O f5 10. exf5 gxf5 11. Nb5 Nxb5 12. axb5 Nf6 13. Ng5 {1-0 (26) Figura,A (2353)-Meister,J (2504) Dresden 2006}) 9... a6 10. Qe2 Nf6 11. a5 O-O 12. O-O Rae8 13. Rd1 Nb5 14. Qc4 (14. Na4 $11) 14... Nxc3 15. bxc3 Qb5 16. Qd3 c4 17. Qe2 $11 Nd7 18. Nd4 Qc5 19. Ra4 Rc8 20. Ba3 Qc7 21. Rb1 Nc5 22. Bxc5 dxc5 23. Rxc4 Qxa5 24. Nb3 Qb5 25. Qf1 b6 26. Nd2 Qa5 27. Ra1 Qb5 28. Rb1 Qa5 29. Ra1 Qb5 30. Rb1 1/2-1/2